 Dungeon Crawl Stone Soup version 0.31-a0-846-gb3bcc0d938 (webtiles) character file.

Game seed: 1105105564529072210

2447 kae the Severer (level 9, -6/70 HPs)
             Began as a Hill Orc Fighter on Oct 3, 2023.
             Was a Follower of Makhleb.
             Mangled by a kobold brigand
             ... wielding a +0 war axe
              (12 damage)
             ... in a bailey.
             The game lasted 00:07:42 (5610 turns).

kae the Severer (Hill Orc Fighter)                  Turns: 5610, Time: 00:07:43

Health: -6/70      AC:  8    Str: 23    XL:     9   Next: 49%
Magic:  12/12      EV:  9    Int:  8    God:    Makhleb [*.....]
Gold:   657        SH:  5    Dex: 10    Spells: 8/8 levels left

rFire   . . .        a - +1 war axe (flame)
rCold   + . .        c - +1 buckler
rNeg    . . .        b - +0 scale mail
rPois   .            (no helmet)
rElec   .            u - +0 cloak
rCorr   .            (no gloves)
SInv    .            (no boots)
Will    .....        A - amulet of the acrobat Stlth
                     C - ring of protection from cold
HPRegen 0.31/turn    (no ring)
MPRegen 0.13/turn

%: acrobat
@: mighty, slowed, very slow
A: no striking features
a: Renounce Religion


You were in a bailey.
You worshipped Makhleb.
Makhleb was aware of your devotion.
You visited 2 branches of the dungeon, and saw 8 of its levels.
You also visited: Ossuary and Bailey.

You collected 657 gold pieces.


   Skills:
 - Level 3.6 Fighting
 + Level 15.3 Axes
 - Level 3.2 Armour
 - Level 3.2 Shields
 - Level 5.0 Invocations


You had 8 spell levels left.
You didn't know any spells.
Your spell library contained the following spells:

 Spells                   Type           Power      Damage    Failure   Level
 Shock                    Conj/Air       0%         1d3       78%         1
 Swiftness                Air            0%         N/A       98%         3
 Airstrike                Air            0%         2d(0-16)  100%        4

Inventory:

Hand Weapons
 a - a +1 war axe of flaming (weapon)
Missiles
 e - 42 stones
 o - 14 poisoned darts
 t - 33 boomerangs
 D - 4 curare-tipped darts {=f}
 G - 4 atropa-tipped darts
Armour
 b - a +0 scale mail (worn)
 c - a +1 buckler (worn)
 u - a +0 cloak (worn)
   (You found it on level 4 of the Dungeon)
Jewellery
 A - an amulet of the acrobat (around neck)
   (You found it on level 6 of the Dungeon)
 C - a ring of protection from cold (left hand)
   (You found it on level 2 of the Dungeon)
 T - an amulet of faith {!P}
   (You found it on level 4 of the Dungeon)
Wands
 w - a wand of charming (16)
   (You found it on level 5 of the Dungeon)
 x - a wand of flame (27)
   (You found it on level 5 of the Dungeon)
 y - a wand of quicksilver (3)
   (You took it off an orc wizard on level 5 of the Dungeon)
 z - a wand of iceblast (3)
   (You found it on level 6 of the Dungeon)
Scrolls
 h - 3 scrolls of teleportation {@r4}
 i - a scroll of fog
 m - 4 scrolls of enchant weapon
 n - 2 scrolls of brand weapon
 s - a scroll of fear
 v - a scroll of poison {!r}
 B - 5 scrolls of identify {@r1}
 E - a scroll of vulnerability {!r!r}
Potions
 d - 3 potions of might
 f - a potion of degeneration {!q}
 g - a potion of heal wounds {@q2}
 j - 5 potions of brilliance
 k - 2 potions of lignification {!q}
 l - a potion of attraction {!q}
 p - 2 potions of curing {@q1}
 q - a potion of enlightenment
 r - 2 potions of haste {@q3}
Miscellaneous
 F - a phial of floods
   (You found it in a bailey)

Dungeon Overview and Level Annotations

Branches:
Dungeon (7/15) Zot: 26847  Temple (1/1) D:6 Zot: 5921 Ossuary (visited)
 Bailey (1/1) Zot: 5714

Altars:
Ashenzari
Cheibriados
Dithmenos
Elyvilon
Fedhas
Gozag
Makhleb
Nemelex Xobeh
Okawaru
Qazlal
Ru
Trog
Uskayaw
Wu Jian
Xom
Yredelemnul
Zin
The Shining One

Annotations:
D:4 2 transporters, jt's ghost, novice SpHs

.............
...........
......... .......
..... .o. ###K###
##.)@o.##
#...8...#
#∩.....∩#
##.....##
####'''####
##~.......~#
#####~~.......~~#
#....~~.......~~.
#.###~~.......~~#


You could see 2 orc warriors and a kobold brigand.


Message History

The kobold brigand throws a curare-tipped dart.
The curare-tipped dart completely misses you.
An orc warrior comes into view.
It is wielding a +0 battleaxe and quivering datura-tipped darts.
An orc warrior comes into view. It is wielding a +0 broad axe.
You close the door.
A kobold brigand breaks down the door.
Unknown command.
Okay, then.
You closely miss the kobold brigand. You block the kobold brigand's attack.
Unknown command.
You feel very mighty all of a sudden.
The kobold brigand throws a curare-tipped dart.
The curare-tipped dart hits you.
You are poisoned.
You have difficulty breathing.
You feel yourself slow down. 😕 HP[-7]
You take 7 damage, and now have 63/70 hp.
You completely miss the kobold brigand.
You feel very sick. You block the kobold brigand's attack.
You slice the kobold brigand!! You burn the kobold brigand.
You slash the kobold brigand! You burn the kobold brigand.
You feel sick.
An orc warrior comes into view. It is wielding a +3 heavy orcbow.
You block the kobold brigand's attack.
The kobold brigand hits you with a +0 war axe. 😕 HP[-9]
You take 9 damage, and now have 54/70 hp.
You slice the kobold brigand!! You burn the kobold brigand.
You kill the kobold brigand!
Makhleb accepts your kill.
You hit the kobold brigand. You burn the kobold brigand.
You feel sick.
The kobold brigand hits you with a +0 war axe!
Training target 5.0 for Invocations reached!
Your Invocations skill increases to level 5!
You are too injured to fight recklessly! 😮 HP[-11]
You take 11 damage, and now have 43/70 hp.
You slash the kobold brigand! You burn the kobold brigand.
You slash the kobold brigand! You burn the kobold brigand.
You kill the kobold brigand!
Makhleb accepts your kill.
You feel better.
You feel sick. 😮 HP[+2]
You regained 2 hp, and now have 45/70 hp.
Unknown command.
You slash the orc warrior! You burn the orc warrior.
You hit the kobold brigand. You burn the kobold brigand.
You feel sick.
The kobold brigand hits you with a +0 war axe!
The orc warrior closely misses you. 😮 HP[-8]
You take 8 damage, and now have 37/70 hp.
Unknown command.
You slice the orc warrior!! You burn the orc warrior.
You kill the orc warrior!
Makhleb accepts your kill.
You barely miss the kobold brigand.
You feel sick.
The orc warrior shoots an arrow.
You block the arrow.
The kobold brigand throws a curare-tipped dart.
The curare-tipped dart closely misses you.
The kobold brigand hits you but does no damage.
You block the orc warrior's attack.
The kobold brigand hits you with a +0 war axe.
* * * LOW HITPOINT WARNING * * *
Your Axes skill increases to level 15! 😨 HP[-8]
You take 8 damage, and now have 29/70 hp.
You slice the orc warrior!! You burn the orc warrior.
You completely miss the kobold brigand.
You feel sick. The orc warrior closely misses you.
The kobold brigand hits you but does no damage. 😨 HP[-1]
You take 1 damage, and now have 28/70 hp.
Unknown command.
You hit the orc warrior. You burn the orc warrior.
You slash the kobold brigand! You burn the kobold brigand.
You feel sick.
You are no longer poisoned.
The kobold brigand hits you with a +0 war axe.
* * * LOW HITPOINT WARNING * * *
😨 HP[-3]
You take 3 damage, and now have 25/70 hp.
Unknown command.
You slash the kobold brigand! You burn the kobold brigand.
You kill the kobold brigand!
Makhleb accepts your kill.
You feel better.
You closely miss the orc warrior.
The orc warrior shoots an arrow.
The arrow hits you!!
* * * LOW HITPOINT WARNING * * *
You block the orc warrior's attack. 😱 HP[-18]
You take 18 damage, and now have 7/70 hp.
MASSIVE DAMAGE!! (PAUSE)
You feel much better.
The orc warrior hits you with a +0 broad axe!
* * * LOW HITPOINT WARNING * * *
The kobold brigand hits you with a +0 war axe.
* * * LOW HITPOINT WARNING * * *
The orc warrior hits you with a +0 broad axe!
* * * LOW HITPOINT WARNING * * *
The kobold brigand hits you with a +0 war axe!
You die...

Skill      XL: |  1  2  3  4  5  6  7  8  9 |
---------------+----------------------------+-----
Axes           | 3 4 5 6 8 9 11 14 15 | 15.3
Invocations    | 2 5 |  5.0
Fighting       | |  3.6
Armour         | |  3.2
Shields        | |  3.2

Action                     |  1- 3 |  4- 6 |  7- 9 || total
---------------------------+-------+-------+-------++-------
  Melee: War axe           |   148 |   189 |   170 ||   507
    Use: Scroll            |     9 |     9 |     1 ||    19
         Potion            |       |       |     5 ||     5
 Armour: Scale mail        |    59 |    88 |   127 ||   274
  Dodge: Dodged            |    53 |    62 |    79 ||   194
  Block: Buckler           |    23 |    47 |    50 ||   120

Levels and vault maps discovered:
D:1:      roderic_crop_circles_arrival_large, layout_rooms, serial_forest,
          infiniplex_forest_end_2, infiniplex_forest_end_1,
          infiniplex_forest_clump_cross, infiniplex_forest_lined_3_way,
          infiniplex_forest_clump_small, infiniplex_forest_end_3,
          infiniplex_forest_clump_medium
D:2:      layout_basic, basic_altar, minmay_tree_intersection,
          chequers_serial_rivers_micro_a, minmay_misc_feat_cross
D:3:      layout_loops_ring, kennysheep_generic_room_6
D:4:      layout_gridville, zin_academy, enter_ossuary_1,
          gammafunk_ghost_gnarly_gnolls
D:5:      layout_cave_pools, nicolae_overflow_hidden_temple,
          hangedman_abyss_or_decor_stabs
D:6:      layout_rooms, minmay_temple_entry_trees, grunt_ministairs_8
D:7:      layout_layer_cave, lightli_bailey_entry_fortress, serial_park_tiny_1
Temple:   regret_index_temple_waves
Bailey:   bailey_axe_3, bailey

Notes
Turn   | Place    | Note
-------+----------+-------------------------------------------
     0 | D:1      | kae the Hill Orc Fighter began the quest for the Orb.
     0 | D:1      | Reached XP level 1. HP: 19/19 MP: 1/1
     0 | D:1      | magus.rc [v1.11.3]
    30 | D:1      | Reached skill level 3 in Axes
   152 | D:1      | Reached XP level 2. HP: 26/26 MP: 2/2
   369 | D:1      | Reached skill level 4 in Axes
   729 | D:2      | Reached XP level 3. HP: 8/31 MP: 3/3
   903 | D:2      | Found a white marble altar of Elyvilon.
   907 | D:2      | Reached skill level 5 in Axes
  1787 | D:3      | Reached XP level 4. HP: 39/39 MP: 4/4
  1800 | D:3      | You pick up a book of Air and begin reading...
  1800 | D:3      | You add the spells Shock, Swiftness and Airstrike to your
                  | library.
  1821 | D:3      | Reached skill level 6 in Axes
  2373 | D:4      | Found a sand-covered staircase.
  2384 | D:4      | Reached XP level 5. HP: 45/45 MP: 5/5
  2387 | Ossuary  | Entered an ossuary
  2441 | Ossuary  | Reached skill level 7 in Axes
  3030 | D:4      | Reached skill level 8 in Axes
  3032 | D:4      | Reached XP level 6. HP: 51/51 MP: 6/6
  3070 | D:4      | Found a glowing silver altar of Zin.
  3163 | D:4      | Found a transporter.
  3214 | D:4      | Found a transporter.
  3221 | D:4      | Noticed jt's ghost (novice SpHs)
  3223 | D:4      | Identified the +8 halberd of Cocytus {vamp, rElec rPois
                  | Str-2}
  3474 | D:5      | Entered Level 5 of the Dungeon
  3502 | D:5      | Identified the +1 leather armour "Paec" {Drain rC- Will+++
                  | Regen+}
  3592 | D:5      | Reached skill level 9 in Axes
  3626 | D:5      | Noticed a black bear
  3633 | D:5      | Killed a black bear
  3634 | D:5      | Reached XP level 7. HP: 40/57 MP: 7/7
  3738 | D:5      | HP: 13/57 [gnoll bouda/+0 club (5)]
  3743 | D:5      | Reached skill level 10 in Axes
  3869 | D:5      | Reached skill level 11 in Axes
  4113 | D:5      | Found an opulent altar of Gozag.
  4218 | D:5      | Reached XP level 8. HP: 64/64 MP: 8/8
  4341 | D:6      | Reached skill level 12 in Axes
  4463 | D:6      | Reached skill level 13 in Axes
  4660 | D:6      | Found a staircase to the Ecumenical Temple.
  4671 | Temple   | Entered the Ecumenical Temple
  4710 | Temple   | magus.rc [v1.11.3]
  4710 | Temple   | magus.rc [v1.11.3]
  4710 | Temple   | Became a worshipper of Makhleb the Destroyer
  4935 | D:6      | Reached skill level 14 in Axes
  4935 | D:6      | Reached skill level 1 in Invocations
  5058 | D:6      | Reached skill level 2 in Invocations
  5213 | D:7      | Reached XP level 9. HP: 70/70 MP: 9/11
  5215 | D:7      | Reached skill level 3 in Invocations
  5235 | D:7      | Reached skill level 4 in Invocations
  5323 | D:7      | Found a flagged portal.
  5347 | Bailey   | Entered a bailey
  5365 | Bailey   | Reached * piety under Makhleb
  5368 | Bailey   | HP: 13/70 [poisoned by a kobold brigand (curare-tipped
                  | dart)]
  5368 | Bailey   | HP: 4/70 [kobold brigand/+0 war axe (9)]
  5374 | Bailey   | HP: 12/70 [kobold brigand/+0 war axe (8)]
  5604 | Bailey   | Reached skill level 5 in Invocations
  5607 | Bailey   | Reached skill level 15 in Axes
  5609 | Bailey   | HP: 7/70 [orc warrior/arrow (21)]
  5610 | Bailey   | Mangled by a kobold brigand

Vanquished Creatures
  An orc warrior (Bailey)
  2 ice beasts (D:6)
  3 black bears
  2 ogres
  A centaur (D:5)
  7 kobold brigands
  2 bullfrogs (D:6)
  3 scorpions (D:5)
  5 wights (D:7)
  A hound (D:4)
  A jelly (D:5)
  A gnoll bouda (D:5)
  An orc priest (D:5)
  An iguana (D:4)
  5 orc wizards
  A mummy (Ossuary)
  12 gnolls
  4 adders
  3 worms
  A dart slug (D:1)
  20 orcs
  2 spectral bats (Ossuary)
  5 ball pythons
  6 bats
  6 endoplasms
  3 giant cockroaches (D:3)
  12 gnoll zombies (Ossuary)
  9 goblins
  6 hobgoblins
  3 quokkas (D:2)
  2 bat simulacra (Ossuary)
  2 frilled lizards
  5 goblin simulacra (Ossuary)
  4 goblin zombies (Ossuary)
  5 hobgoblin zombies (Ossuary)
  22 kobolds
  5 kobold simulacra (Ossuary)
  3 kobold zombies (Ossuary)
  6 orc zombies (Ossuary)
  4 rats
  A rat simulacrum (Ossuary)
  3 spectral goblins (Ossuary)
  5 spectral kobolds (Ossuary)
  4 spectral rats (Ossuary)
200 creatures vanquished.

Table legend:
 A = Non-vault XP
 B = Vault XP
 C = Vault XP percentage of total XP
 D = Non-vault monster count
 E = Vault monster count
 F = Vault count percentage of total count
                 A         B        C        D         E       F
            +---------+---------+-------+---------+---------+-------
      Total |    2492 |    1004 |  28.7 |     103 |      97 |  48.5
            +---------+---------+-------+---------+---------+-------
        D:1 |      23 |       0 |   0.0 |      13 |       0 |   0.0
        D:2 |      47 |       0 |   0.0 |      16 |       0 |   0.0
        D:3 |      68 |       3 |   4.2 |      18 |       3 |  14.3
        D:4 |     152 |       0 |   0.0 |      13 |       0 |   0.0
        D:5 |     887 |       0 |   0.0 |      21 |       0 |   0.0
        D:6 |     945 |     115 |  10.8 |      17 |       8 |  32.0
        D:7 |     370 |      71 |  16.1 |       5 |       9 |  64.3
    Ossuary |       0 |      89 | 100.0 |       0 |      58 | 100.0
     Bailey |       0 |     726 | 100.0 |       0 |      19 | 100.0
            +---------+---------+-------+---------+---------+-------

Skill      XL: |  1  2  3  4  5  6  7  8  9 |
---------------+----------------------------+-----
Axes           | 3 4 5 6 8 9 11 14 15 | 15.3
Invocations    | 2 5 |  5.0
Fighting       | |  3.6
Armour         | |  3.2
Shields        | |  3.2

Action                     |  1- 3 |  4- 6 |  7- 9 || total
---------------------------+-------+-------+-------++-------
  Melee: War axe           |   148 |   189 |   170 ||   507
    Use: Scroll            |     9 |     9 |     1 ||    19
         Potion            |       |       |     5 ||     5
 Armour: Scale mail        |    59 |    88 |   127 ||   274
  Dodge: Dodged            |    53 |    62 |    79 ||   194
  Block: Buckler           |    23 |    47 |    50 ||   120

Illustrated notes

Table legend:
 A = Kills in this place as a percentage of kills in the entire game.
 B = Kills by you in this place as a percentage of kills by you in the entire game.
 C = Kills by friends in this place as a percentage of kills by friends in the entire game.
 D = Other kills in this place as a percentage of other kills in the entire game.
 E = Experience gained in this place as a percentage of experience gained in the entire game.
 F = Experience gained in this place divided by the number of levels of this place that you have seen.
                   A       B       C       D       E      F
               +-------+-------+-------+-------+-------+----------------------
         Total | 100.0 | 100.0 |   N/A |   N/A | 100.0 | 349.6
       Dungeon |  61.5 |  61.5 |   N/A |   N/A |  76.7 | 383.0
       Ossuary |  29.0 |  29.0 |   N/A |   N/A |   2.5 |  89.0
        Bailey |   9.5 |   9.5 |   N/A |   N/A |  20.8 | 726.0
               +-------+-------+-------+-------+-------+----------------------

Table legend: (Time is in decaauts)
 A = Elapsed time spent in this place.
 B = Non-inter-level travel time spent in this place.
 C = Inter-level travel time spent in this place.
 D = Time resting spent in this place.
 E = Time spent auto-exploring this place.
 F = Levels seen in this place.
 G = Mean time per level.
                   A        B        C        D        E       F      G
               +--------+--------+--------+--------+--------+-----+--------+
         Total |   5708 |   5539 |    169 |    208 |   4052 |  10 |  570.8 |
       Dungeon |   4887 |   4757 |    130 |    169 |   3636 |   7 |  698.1 |
        Temple |     78 |     39 |     39 |      0 |      0 |   1 |   78.0 |
       Ossuary |    457 |    457 |      0 |      0 |    231 |   1 |  457.0 |
        Bailey |    284 |    284 |      0 |     39 |    184 |   1 |  284.0 |
               +--------+--------+--------+--------+--------+-----+--------+

Top non-repeatable levels by time:
     D:2: 826 daAuts
     D:4: 800 daAuts
     D:1: 797 daAuts
     D:3: 790 daAuts
     D:6: 783 daAuts
     D:5: 737 daAuts
 Ossuary: 457 daAuts
  Bailey: 284 daAuts
     D:7: 152 daAuts
  Temple: 78 daAuts
